 Dungeon Crawl Stone Soup version 0.29-a0-876-gfc89b1a5bd (webtiles) character file.

Game seed: 4546181062311170948

167 funkygono the Firebug (level 5, 0/29 HPs)
             Began as a Gargoyle Fire Elementalist on July 19, 2022.
             Killed from afar by Sigmund (6 damage)
             ... with a magic dart
             ... on level 3 of the Dungeon.
             The game lasted 00:05:48 (3175 turns).

funkygono the Firebug (Gargoyle Fire Elementalist)  Turns: 3175, Time: 00:05:48

Health: 0/29       AC:  8    Str: 11    XL:     5   Next: 48%
Magic:  7/9        EV: 11    Int: 18    God:
Gold:   86         SH:  0    Dex: 16    Spells: 3/10 levels left

rFire   . . .      SeeInvis .   k - +0 whip
rCold   . . .      Faith    .   (no shield)
rNeg    + . .      Spirit   .   l - +0 leather armour
rPois   ∞          Reflect  .   m - +0 helmet
rElec   +          Harm     .   (no cloak)
rCorr   .          Rampage  .   (no gloves)
Will    .....                   (no boots)
Stlth   ++........              (no amulet)
HPRegen 0.09/turn               j - +6 ring of dexterity
MPRegen 0.11/turn               (no ring)

@: no status effects
A: sickness immunity, AC +4, negative energy resistance 1, electricity
resistance, torment resistance 1, petrification resistance
a: no special abilities


You were on level 3 of the Dungeon.
You visited 1 branch of the dungeon, and saw 3 of its levels.

You collected 86 gold pieces.

Inventory:

Hand Weapons
 k - a +0 whip (weapon)
Armour
 l - a +0 leather armour (worn)
 m - a +0 helmet (worn)
Jewellery
 j - a +6 ring of dexterity (left hand)
Wands
 a - a wand of light (4)
Scrolls
 d - a scroll of amnesia {unknown}
 e - a scroll of noise {unknown}
 h - a scroll of teleportation {unknown}
 i - a scroll of enchant weapon {unknown}
 n - a scroll of fear {unknown}
 o - a scroll of identify {unknown}
Potions
 b - 2 potions of magic
 c - 3 potions of curing
 f - a potion of heal wounds {unknown}
 g - a potion of might {unknown}
 p - 2 potions of lignification {unknown}


   Skills:
 * Level 1.0 Fighting
 + Level 0.9 Maces & Flails
 + Level 1.7 Dodging
 - Level 2.1 Stealth
 * Level 3.0 Spellcasting
 * Level 2.8 Conjurations
 * Level 4.3 Fire Magic


You had 3 spell levels left.
You knew the following spells:

 Your Spells              Type           Power      Damage    Failure   Level
a - Foxfire               Conj/Fire      60%        2x1d7     4%          1
b - Scorch                Fire           36%        2d6       5%          2
c - Flame Wave            Conj/Fire      15%        2d6       43%         4

Your spell library contained the following spells:

 Spells                   Type           Power      Damage    Failure   Level
 Conjure Flame            Conj/Fire      15%        6-21      14%         3
 Inner Flame              Hex/Fire       10%        N/A       26%         3


Dungeon Overview and Level Annotations

Branches:
Dungeon (3/15)

Altars:

Annotations:
D:3 Sigmund


Innate Abilities, Weirdness & Mutations

You are immune to sickness and miasma.
Your stone body is resilient. (AC +4)
You are immune to poison.
You resist negative energy. (rN+)
You are resistant to electric shocks. (rElec)
You are resistant to unholy torment.
You are immune to petrification.


Message History

You conjure some foxfire!
The foxfire hits something. x2
Casting: Foxfire (safe; 4% risk of failure)
Confirm with . or Enter, or press ? or * to list all spells.
You conjure some foxfire!
Something hits you!
The foxfire hits something.
The foxfire hits something but does no damage.
You hear some strange, mumbled words.
You are confused.
You're too confused to cast spells.
Sorry, you're not good enough to have a special ability.
Unknown command.
Okay, then.
You bump into the rock wall.
A magic dart appears from out of thin air!
The magic dart hits you.
You bump into the rock wall.
A magic dart appears from out of thin air!
The magic dart hits you. Something hits you but does no damage.
You see here a grey potion.
Something hits you!
You see here a grey potion.
You bump into the rock wall.
You feel less confused. Something hits you but does no damage.
Unknown command.
A magic dart appears from out of thin air!
The magic dart hits you.
* * * LOW HITPOINT WARNING * * *
You are confused.
You bump into the rock wall.
You feel less confused.
A magic dart appears from out of thin air!
The magic dart hits you.
* * * LOW HITPOINT WARNING * * *
It was a potion of curing.
You feel better.
A magic dart appears from out of thin air!
The magic dart hits you.
You die...

#.....# ###.#.#
#.#.###.## ###
######.........
##### ...
#........####.#
....###.. #.######{#
...#.##..##......#.#
..#..##..##..##....#
.#...##..##..##.@###
#....##..##..##..#
#....##......##...
.#...##...#..###.##
..#..##...##.# #.#
...#.##...##.# #.#
....##...†.#.# #.#
....##.......# #.#
...#..#....#.#


There were no monsters in sight!

Vanquished Creatures
  An orc priest (D:3)
  An orc wizard (D:3)
  3 adders (D:2)
  4 worms
  3 dart slugs
  3 orcs (D:3)
  5 ball pythons
  5 bats
  10 endoplasms
  3 giant cockroaches
  3 goblins
  4 hobgoblins (D:1)
  6 jackals
  4 kobolds
  A quokka (D:2)
  2 frilled lizards (D:1)
  4 rats
62 creatures vanquished.

Vanquished Creatures (others)
  186 foxfires
  2 plants (D:2)
188 creatures vanquished.

Grand Total: 250 creatures vanquished

Notes
Turn   | Place    | Note
-------+----------+-------------------------------------------
     0 | D:1      | funkygono the Gargoyle Fire Elementalist began the quest
                  | for the Orb.
     0 | D:1      | Reached XP level 1. HP: 10/10 MP: 3/3
    97 | D:1      | Reached XP level 2. HP: 15/15 MP: 0/5
   268 | D:1      | Learned a level 2 spell: Scorch
   505 | D:1      | Reached XP level 3. HP: 17/19 MP: 0/6
  1010 | D:1      | Found a faded altar of an unknown god.
  1421 | D:2      | Reached XP level 4. HP: 24/24 MP: 0/7
  1537 | D:2      | Reached skill level 4 in Fire Magic
  2326 | D:2      | Learned a level 4 spell: Flame Wave
  2644 | D:3      | Reached XP level 5. HP: 28/28 MP: 1/9
  2724 | D:3      | Reached skill level 1 in Fighting
  3143 | D:3      | Noticed Sigmund
  3173 | D:3      | HP: 1/29 [something/magic dart (6)]
  3175 | D:3      | Killed from afar by Sigmund

Illustrated notes

Levels and vault maps discovered:
D:1:      minmay_arrival_stone_box, layout_basic,
          hellmonk_ecumenical_altar_inner_sanctum, grunt_decor_fettered
D:2:      layout_basic, serial_bayou_lagoon_a, chequers_garden
D:3:      layout_basic, zin_purify, gammafunk_ghost_arena,
          hangedman_decor_slide_cut, kennysheep_generic_room_13, uniq_sigmund

Skill      XL: |  1  2  3  4  5 |
---------------+----------------+-----
Fire Magic     | 4 |  4.3
Conjurations   | 2 |  2.8
Fighting       | 1 |  1.0
Spellcasting   | 3 |  3.0
Maces & Flails | |  0.9
Dodging        | |  1.7
Stealth        | |  2.1

Action                   |  1- 3 |  4- 6 || total
-------------------------+-------+-------++-------
Melee: Unarmed           |    11 |       ||    11
       Club              |     4 |       ||     4
       Whip              |       |    22 ||    22
 Cast: Foxfire           |    60 |    51 ||   111
       Scorch            |     5 |     5 ||    10
  Use: Potion            |       |     1 ||     1
 Stab: Sleeping          |       |     1 ||     1
Armor: Robe              |     8 |     6 ||    14
       Leather armour    |       |     7 ||     7
Dodge: Dodged            |    13 |    19 ||    32

Table legend: (Time is in decaauts)
 A = Elapsed time spent in this place.
 B = Non-inter-level travel time spent in this place.
 C = Inter-level travel time spent in this place.
 D = Time resting spent in this place.
 E = Time spent auto-exploring this place.
 F = Levels seen in this place.
 G = Mean time per level.
                   A        B        C        D        E       F      G
               +--------+--------+--------+--------+--------+-----+--------+
         Total |   3193 |   3086 |    107 |    235 |   2309 |   3 | 1064.3 |
       Dungeon |   3193 |   3086 |    107 |    235 |   2309 |   3 | 1064.3 |
               +--------+--------+--------+--------+--------+-----+--------+

Top non-repeatable levels by time:
     D:2: 1520 daAuts
     D:1: 1077 daAuts
     D:3: 595 daAuts
